 Dungeon Crawl Stone Soup version 0.27-a0-951-gae3e1deef5 (webtiles) character file.

Game seed: 9722032377753384093

44 jasper the Charlatan (level 3, 0/28 HPs)
             Began as a Demonspawn Artificer on Apr 11, 2021.
             Slain by a worm (6 damage)
             ... on level 4 of the Dungeon.
             The game lasted 00:03:59 (2260 turns).

jasper the Charlatan (Demonspawn Artificer)         Turns: 2260, Time: 00:03:59

Health: 0/28       AC:  6    Str: 12    XL:     3   Next: 41%
Magic:  3/3        EV: 11    Int: 13    God:
Gold:   45         SH:  4    Dex: 13    Spells: 2/2 levels left

rFire    . . .     SeeInvis .     - Unarmed
rCold    . . .     Faith    .   (no shield)
rNeg     . . .     Spirit   .   b - +0 leather armour
rPois    .         Reflect  .   (no helmet)
rElec    .         Harm     .   (no cloak)
rCorr    .         Rampage  .   c - +0 pair of gloves
Will     .....                  (no boots)
Stlth    +.........             (no amulet)
HPRegen  0.09/turn              (no ring)
MPRegen  0.08/turn              (no ring)

@: no status effects
A: molten scales 1, condensation shield
a: no special abilities


You were on level 4 of the Dungeon.
You visited 1 branch of the dungeon, and saw 3 of its levels.

You collected 45 gold pieces.

Inventory:

Hand Weapons
 a - a +1 club
Armour
 b - a +0 leather armour (worn)
 c - a +0 pair of gloves (worn)
 f - a +0 ring mail
Wands
 d - a wand of charming (4)
 e - a wand of random effects (15)
Scrolls
 h - 2 scrolls of teleportation {unknown}
 i - a scroll of immolation
Potions
 g - a potion of curing


   Skills:
 + Level 2.4 Fighting
 - Level 1.7 Armour
 - Level 0.8 Dodging
 - Level 0.8 Stealth
 + Level 1.9 Unarmed Combat
 - Level 3.0 Evocations


You had 2 spell levels left.
You didn't know any spells.
Your spell library was empty.

Dungeon Overview and Level Annotations

Branches:
Dungeon (4/15)
 Temple: D:4-7

Altars:

Annotations:
D:4 exclusion: iguana


Innate Abilities, Weirdness & Mutations

You are partially covered in molten scales. (AC +2)
A meltable shield of frost defends you. (SH +4)


Message History

The quokka bites you.
You take 1 damage, and have 27/28 hp.
You barely miss the quokka.
The quokka is moderately wounded.
The quokka bites you but does no damage.
You hit the quokka but do no damage.
The quokka is moderately wounded.
The quokka misses you. The worm barely misses you.
You miss the quokka.
The quokka is moderately wounded.
The quokka misses you.
You hit the quokka.
The quokka is severely wounded.
You block the quokka's attack. The worm barely misses you.
The quokka bites you.
You take 5 damage, and have 22/28 hp.
You completely miss the quokka.
The quokka is severely wounded.
The quokka closely misses you.
You hit the quokka.
You kill the quokka!
The worm bites you. The giant cockroach closely misses you.
You take 4 damage, and have 18/28 hp.
You closely miss the giant cockroach. The giant cockroach barely misses you.
The worm bites you!
You take 6 damage, and have 12/28 hp.
MASSIVE DAMAGE!!
You hit the giant cockroach.
The giant cockroach is heavily wounded.
The giant cockroach barely misses you.
You closely miss the giant cockroach.
The giant cockroach is heavily wounded.
The giant cockroach misses you. The worm bites you.
* * * LOW HITPOINT WARNING * * *
You closely miss the giant cockroach.
The giant cockroach is heavily wounded.
The giant cockroach barely misses you.
You hit the giant cockroach.
You kill the giant cockroach!
The worm bites you.
You die...

#.#.####.########
#...............#
###..###.######.#
##.###.# #.#
#..##.# #.#
##.##.# #.#
#..#.# #.# ##.#w#
#w# #...# #@#
##..# #.# #.)#
#.# #.>.......#
#####.....#
#...... #.....#
#....!# #.....#


You could see a worm.

Vanquished Creatures
  A hound skeleton (D:4)
  A gnoll (D:2)
  An adder skeleton (D:4)
  2 dart slugs (D:1)
  5 endoplasms (D:1)
  2 giant cockroaches
  3 goblins
  3 hobgoblins
  A quokka (D:4)
  6 bats (D:1)
  A frilled lizard (D:1)
26 creatures vanquished.

Vanquished Creatures (collateral kills)
  A hobgoblin (D:2)
  A kobold (D:2)
2 creatures vanquished.

Vanquished Creatures (others)
  An orc priest (D:4)
  A bat (D:1)
  An endoplasm (D:4)
  A giant cockroach (D:1)
  A goblin (D:1)
  A kobold (D:1)
6 creatures vanquished.

Grand Total: 34 creatures vanquished

Notes
Turn   | Place    | Note
-------+----------+-------------------------------------------
     0 | D:1      | jasper the Demonspawn Artificer began the quest for the
                  | Orb.
     0 | D:1      | Reached XP level 1. HP: 15/15 MP: 1/1
    64 | D:1      | Reached skill level 1 in Unarmed Combat
    64 | D:1      | Gained mutation: You are partially covered in molten
                  | scales. (AC +2) [demonic ancestry]
    64 | D:1      | Reached XP level 2. HP: 21/21 MP: 2/2
  1451 | D:1      | Gained mutation: A meltable shield of frost defends you.
                  | (SH +4) [demonic ancestry]
  1451 | D:1      | Reached XP level 3. HP: 26/27 MP: 3/3
  1524 | D:1      | Found a faded altar of an unknown god.
  1839 | D:2      | You fall into a shaft and drop 2 floors!
  2260 | D:4      | Slain by a worm

Illustrated notes

Levels and vault maps discovered:
D:1:      dpeg_arrival_pond, layout_rooms, hellmonk_ecumenical_altar_blasted,
          st_stairs_12
D:2:      layout_loops_corners
D:4:      layout_basic, portal_sewer_entry_f, minivault_1,
          kennysheep_generic_room_7, uniq_edmund

Skill      XL: |  1  2 |
---------------+-------+-----
Unarmed Combat | 1 |  1.9
Fighting       | 2 |  2.4
Armour         | |  1.7
Dodging        | |  0.8
Stealth        | |  0.8
Evocations     | |  3.0

Action                   || total
-------------------------++-------
Melee: Unarmed           ||   119
Evoke: Wand              ||    26
  Use: Scroll            ||     3
       Potion            ||     2
Armor: Leather armour    ||    73
Dodge: Dodged            ||   116
Block: Other             ||    13

Table legend: (Time is in decaauts)
 A = Elapsed time spent in this place.
 B = Non-inter-level travel time spent in this place.
 C = Inter-level travel time spent in this place.
 D = Time resting spent in this place.
 E = Time spent auto-exploring this place.
 F = Levels seen in this place.
 G = Mean time per level.
                   A        B        C        D        E       F      G
               +--------+--------+--------+--------+--------+-----+--------+
         Total |   2256 |   2223 |     33 |   1096 |    634 |   3 |  752.0 |
       Dungeon |   2256 |   2223 |     33 |   1096 |    634 |   3 |  752.0 |
               +--------+--------+--------+--------+--------+-----+--------+

Top non-repeatable levels by time:
     D:1: 1216 daAuts
     D:2: 620 daAuts
     D:4: 419 daAuts
